 Dungeon Crawl Stone Soup version 0.20.1-1-g8b1a95d (webtiles) character file.

3333 vineage the Basher (level 10, -14/61 HPs)
             Began as a Gargoyle Fighter on Sept 12, 2017.
             Was an Initiate of Okawaru.
             Demolished by a two-headed ogre
             ... wielding a +0 giant club
              (23 damage)
             ... on level 8 of the Dungeon.
             The game lasted 00:13:38 (6124 turns).

vineage the Basher (Gargoyle Fighter)               Turns: 6124, Time: 00:13:39

Health: -14/61     AC: 19    Str: 23    XL:     10   Next: 2%
Magic:  9/9        EV: 11    Int: 10    God:    Okawaru [......]
Gold:   468        SH: 11    Dex: 12    Spells: 9/9 levels left

rFire    + . .     SeeInvis .   a - +0 flail
rCold    . . .     Gourm    .   c - +0 shield
rNeg     + . .     Faith    .   q - +0 ring mail
rPois    ∞         Spirit   .   (no helmet)
rElec    +         Reflect  .   e - +2 cloak
rCorr    .         Harm     .   F - +2 pair of gloves "Rasouj" {Regen+}
MR       .....                  (no boots)
Stlth    +.........             (no amulet)
Regen    0.6/turn               y - ring of ice
MPRegen  0.2/turn               k - ring of fire

@: berserk cooldown, slowed, very slow
A: agile 1, fire resistance 1, low mp 1, negative energy resistance 1,
electricity resistance, strong 1, unbreathing, petrification resistance, rot
immunity, AC +7
a: Renounce Religion


You were on level 8 of the Dungeon.
You worshipped Okawaru.
Okawaru was noncommittal.
You were near starving.

You visited 2 branches of the dungeon, and saw 9 of its levels.
You also visited: Sewer.

You collected 468 gold pieces.

Inventory:

Hand Weapons
 a - a +0 flail (weapon)
 i - a +1 dire flail of venom
Armour
 b - a +0 scale mail
 c - a +0 shield (worn)
 e - a +2 cloak (worn)
 g - a scarf of cloud immunity
 h - a +0 pair of gloves
 p - a +1 cloak
 q - a +0 ring mail (worn)
 F - the +2 pair of gloves "Rasouj" (worn) {Regen+}
   (You found it in a sewer)

   It increases your rate of regeneration.
Jewellery
 k - a ring of fire (right hand)
 y - a ring of ice (left hand)
 C - an uncursed ring of fire
Wands
 u - a wand of disintegration (19/24)
 w - a wand of iceblast (6/15)
 B - a wand of flame (48/48)
Scrolls
 d - 2 scrolls of remove curse
 j - 5 scrolls of magic mapping
 l - a scroll of enchant armour
 v - a scroll of recharging
 A - a scroll of teleportation
Potions
 m - a potion of curing
 s - a potion of magic
 t - a potion of invisibility
 D - a potion of mutation
Comestibles
 f - 5 bread rations
 n - 18 fruits
 z - 2 meat rations


   Skills:
 + Level 6.6 Fighting
 + Level 9.0 Maces & Flails
 + Level 5.6 Armour
 + Level 4.5 Dodging
 + Level 1.2 Stealth
 + Level 7.4 Shields


You had 9 spell levels left.
You didn't know any spells.

Dungeon Overview and Level Annotations

Branches:
Dungeon (8/15)             Temple (1/1) D:7
   Lair: D:8-11

Altars:
Ashenzari
Cheibriados
Dithmenos
Elyvilon
Fedhas
Gozag
Hepliaklqana
Kikubaaqudgha
Makhleb
Nemelex Xobeh
Okawaru
Qazlal
Ru
Sif Muna
Trog
Uskayaw
Vehumet
Xom
Zin
The Shining One

Annotations:
D:7 Prince Ribbit
D:8 vatarom's ghost, novice MfSu


Innate Abilities, Weirdness & Mutations

You are resistant to torment.
Your stone body is resilient. (AC +7)
You are immune to poison.
You resist negative energy. (rN+)
You are resistant to electric shocks. (rElec)
You can survive without breathing.
You are immune to petrification.
You are immune to rotting.
You are agile. (Dex +2)
Your flesh is heat resistant. (rF+)
Your magical capacity is low. (-10% MP)
Your muscles are strong. (Str +2)


Message History

The quokka closely misses you.
Vatarom's ghost hits you but does no damage.
You block the two-headed ogre's attack. x2; You block the quokka's attack.
You completely miss vatarom's ghost.
Vatarom's ghost is severely damaged.
The white imp disappears in a puff of smoke! x2
Vatarom's ghost hits you but does no damage.
The quokka twitches its whiskers.
You block the quokka's attack.
The two-headed ogre hits you with a giant club!
The two-headed ogre hits you with a giant spiked club!
* * * LOW HITPOINT WARNING * * *
Vatarom's ghost hits you but does no damage.
The quokka bites you but does no damage.
You barely miss vatarom's ghost.
Vatarom's ghost is severely damaged.
Vatarom's ghost hits you but does no damage.
The two-headed ogre barely misses you.
The two-headed ogre hits you with a giant spiked club!!
You die...

...P .... ....
..# ... ###§##
. #rOo.# . ..#
#@# #.#
....####W#
#...#
..>...b{#......
####..bZ....#
#.§<.##..#
#..........#
#.#....##.##
#.#....# .# .
..[?..


You could see a two-headed ogre, an orc wizard, vatarom's ghost, a quokka, 2
bats and an adder skeleton.

Vanquished Creatures
  Joseph (D:7)
  A hippogriff (D:8)
  Edmund (D:5)
  The ghost of Agrougrou the Insei, an amateur OpTm (Sewer)
  Duvessa (D:6)
  Purgy (Sewer)
  2 ice beasts
  2 sky beasts (D:6)
  2 black bears
  A phantom (D:5)
  2 ogres
  2 crocodiles (D:7)
  A centaur (D:7)
  2 bullfrogs
  Dowan (D:6)
  A scorpion (D:4)
  2 crimson imps
  A centaur zombie (D:6)
  A quasit (D:6)
  6 hounds
  Crazy Yiuf (D:7)
  3 bullfrog skeletons
  An orc priest (D:6)
  An iguana (D:4)
  A centaur skeleton (D:7)
  4 orc wizards
  10 worker ants
  2 hound skeletons
  12 adders
  A river rat (D:6)
  3 oozes
  3 worms
  4 dart slugs
  3 leopard geckos
  13 orcs
  4 ball pythons
  6 giant cockroaches
  2 goblins (D:1)
  6 hobgoblins
  5 quokkas
  10 bats
  18 frilled lizards
  6 kobolds
  10 rats
161 creatures vanquished.

Notes
Turn   | Place    | Note
-------+----------+-------------------------------------------
     0 | D:1      | vineage the Gargoyle Fighter began the quest for the Orb.
     0 | D:1      | Reached XP level 1. HP: 14/14 MP: 1/1
    90 | D:1      | Reached XP level 2. HP: 16/19 MP: 2/2
   706 | D:2      | Reached XP level 3. HP: 24/24 MP: 3/3
  1070 | D:2      | Reached skill level 3 in Maces & Flails
  1085 | D:2      | Reached XP level 4. HP: 28/29 MP: 4/4
  1508 | D:3      | Reached XP level 5. HP: 8/33 MP: 5/5
  1577 | D:3      | Reached skill level 1 in Dodging
  2023 | D:3      | Found a hazy altar of Hepliaklqana.
  2114 | D:4      | Reached XP level 6. HP: 38/38 MP: 6/6
  2139 | D:4      | Reached skill level 4 in Maces & Flails
  2456 | D:4      | Reached XP level 7. HP: 42/44 MP: 7/7
  2618 | D:4      | Reached skill level 5 in Maces & Flails
  2618 | D:4      | Reached skill level 5 in Shields
  2974 | D:4      | Found a blossoming altar of Fedhas.
  3054 | D:5      | Entered Level 5 of the Dungeon
  3206 | D:5      | Noticed Edmund
  3228 | D:5      | Killed Edmund
  3228 | D:5      | Reached XP level 8. HP: 48/48 MP: 8/8
  3302 | D:5      | Found a deep blue altar of Sif Muna.
  3439 | D:5      | Reached skill level 5 in Fighting
  3792 | D:6      | Reached skill level 6 in Maces & Flails
  3835 | D:6      | Found a shadowy altar of Dithmenos.
  3880 | D:6      | Noticed Duvessa
  3880 | D:6      | Noticed Dowan
  3924 | D:6      | Killed Duvessa
  3942 | D:6      | Killed Dowan
  4286 | D:6      | Reached skill level 7 in Maces & Flails
  4286 | D:6      | Reached skill level 1 in Stealth
  4324 | D:6      | Found a hide-covered altar of Uskayaw.
  4384 | D:6      | Reached XP level 9. HP: 50/55 MP: 9/9
  4388 | D:6      | Gained mutation: Your magical capacity is low. (-10% MP) [mutagenic meat]
  4389 | D:6      | Gained mutation: Your flesh is heat resistant. (rF+) [mutagenic meat]
  4390 | D:6      | Gained mutation: Your muscles are strong. (Str +2) [mutagenic meat]
  4391 | D:6      | Gained mutation: You are agile. (Dex +2) [mutagenic meat]
  4401 | D:6      | Found a glowing drain.
  4433 | Sewer    | Entered a sewer
  4442 | Sewer    | Noticed Agrougrou's ghost (amateur OpTm)
  4454 | Sewer    | Killed Agrougrou's ghost
  4505 | Sewer    | Noticed Purgy
  4513 | Sewer    | Killed Purgy
  4546 | Sewer    | Got a pair of warped gloves
  4557 | Sewer    | Identified the +2 pair of gloves "Rasouj" {Regen+} (You found it in a sewer)
  4595 | Sewer    | Reached skill level 5 in Armour
  5009 | D:7      | Reached skill level 8 in Maces & Flails
  5015 | D:7      | Found a snail-covered altar of Cheibriados.
  5021 | D:7      | Found a runed door.
  5172 | D:7      | Noticed Joseph
  5195 | D:7      | Killed Joseph
  5253 | D:7      | Noticed an eight-headed hydra
  5422 | D:7      | Noticed Crazy Yiuf
  5422 | D:7      | Noticed Prince Ribbit
  5443 | D:7      | Killed Crazy Yiuf
  5571 | D:7      | Found a staircase to the Ecumenical Temple.
  5634 | Temple   | Entered the Ecumenical Temple
  5718 | Temple   | Became a worshipper of Warmaster Okawaru
  6069 | D:8      | Noticed vatarom's ghost (novice MfSu)
  6092 | D:8      | Noticed a two-headed ogre
  6094 | D:8      | Reached skill level 9 in Maces & Flails
  6094 | D:8      | Reached XP level 10. HP: 56/61 MP: 9/9
  6124 | D:8      | Demolished by a two-headed ogre

Skill      XL: |  1  2  3  4  5  6  7  8  9 |
---------------+----------------------------+-----
Maces & Flails | 3 4 5 7 9 |  9.0
Shields        | 4 5 6 7 |  7.4
Fighting       | 4 5 6 |  6.6
Dodging        | 1 2 3 4 |  4.5
Armour         | 4 5 |  5.6
Stealth        | 1 |  1.2

Action                   |  1- 3 |  4- 6 |  7- 9 | 10-12 || total
-------------------------+-------+-------+-------+-------++-------
Melee: Flail             |   148 |   279 |   510 |    20 ||   957
  Use: Potion            |       |     1 |     5 |     2 ||     8
       Scroll            |       |     9 |    12 |       ||    21
  Eat: Chunk             |       |     5 |    16 |       ||    21
Armor: Scale mail        |   106 |    94 |       |       ||   200
       Ring mail         |       |    73 |   275 |    36 ||   384
       Skin              |       |       |     6 |       ||     6
Dodge: Dodged            |    40 |   116 |   228 |    26 ||   410
Block: Shield            |   105 |   172 |   278 |     9 ||   564
